 Dungeon Crawl Stone Soup version 0.29.1-2-gbd0b4ee654 (webtiles) character file.

Game seed: 13040654336248886226

189 LustLizard the Chopper (level 5, -1/41 (47) HPs)
             Began as a Hill Orc Monk on Nov 15, 2022.
             Slain by a wight
             ... wielding a +0 flail
              (4 damage)
             ... on level 4 of the Dungeon.
             The game lasted 00:05:56 (4765 turns).

LustLizard the Chopper (Hill Orc Monk)              Turns: 4765, Time: 00:05:56

HP:   -1/41 (47)    AC: 10    Str: 16    XL:     5   Next: 68%
MP:   5/5           EV: 10    Int: 10    God:
Gold: 93            SH:  0    Dex: 13    Spells: 3/4 levels left

rFire   . . .      SeeInvis .   v - +0 war axe
rCold   . . .      Faith    .   (no shield)
rNeg    . . .      Spirit   .   G - +4 scale mail
rPois   .          Reflect  .   (no helmet)
rElec   .          Harm     .   (no cloak)
rCorr   +          Rampage  .   (no gloves)
Will    .....                   (no boots)
Stlth   +.........              (no amulet)
HPRegen 0.13/turn               i - ring of resist corrosion
MPRegen 0.09/turn               x - ring of wizardry

@: heavily drained
A: no striking features
a: no special abilities


You were on level 4 of the Dungeon.
You visited 1 branch of the dungeon, and saw 4 of its levels.

You collected 93 gold pieces.

Inventory:

Hand Weapons
 a - a +0 hand axe
 v - a +0 war axe (weapon)
Missiles
 g - 15 stones (quivered)
 y - 6 boomerangs
Armour
 b - a +0 robe
 B - a +0 leather armour
 G - a +4 scale mail (worn)
Jewellery
 i - a ring of resist corrosion (left hand)
 w - a ring of magical power
 x - a ring of wizardry (right hand)
 D - a ring of magical power
Scrolls
 f - a scroll of brand weapon {unknown}
 j - a scroll of noise {unknown}
 l - a scroll of enchant weapon {unknown}
 m - 2 scrolls of poison
 n - 3 scrolls of teleportation {unknown}
 p - a scroll of fog {unknown}
 q - a scroll of identify
 s - a scroll of enchant armour {unknown}
 t - a scroll of vulnerability {unknown}
 z - 4 scrolls of fear {unknown}
 F - a scroll of amnesia {unknown}
Potions
 c - a potion of ambrosia
 d - a potion of degeneration {unknown}
 e - a potion of berserk rage {unknown}
 h - a potion of haste {unknown}
 k - a potion of flight {unknown}
 o - 2 potions of might
 r - 2 potions of attraction
 u - 2 potions of mutation
 A - a potion of magic {unknown}
 C - 2 potions of heal wounds
 E - a potion of brilliance {unknown}


   Skills:
 + Level 4.4 Fighting
 * Level 5.4 Axes
 * Level 2.1 Throwing
 - Level 3.0 Dodging
 + Level 2.5 Stealth


You had 3 spell levels left.
You knew the following spells:

 Your Spells              Type           Power      Damage    Failure   Level
a - Slow                  Hex            0%         N/A       47%         1

Your spell library contained the following spells:

 Spells                   Type           Power      Damage    Failure   Level
 Summon Small Mammal      Summ           0%         N/A       47%         1
 Call Canine Familiar     Summ           0%         N/A       83%         3
 Conjure Flame            Conj/Fire      0%         6-21      83%         3
 Ignite Poison            Fire/Tmut/Pois 0%         N/A       83%         3
 Summon Guardian Golem    Hex/Summ       0%         N/A       83%         3
 Cause Fear               Hex            0%         N/A       99%         4
 Sticky Flame             Conj/Fire      0%         2d3       99%         4
 Eringya's Noxious Bog    Tmut/Pois      0%         N/A       100%        6


Dungeon Overview and Level Annotations

Branches:
Dungeon (4/15)
 Temple: D:4-7

Altars:
Okawaru
Qazlal
Wu Jian
The Shining One

Annotations:
D:1 1 exclusion
D:4 1 transporter, exclusion: phantom, nshep25's ghost, amateur MiFi


Message History

The sling bullet hits you but does no damage.
The goblin shoots a sling bullet.
The sling bullet closely misses you.
You completely miss the wight. The wight hits you with a +0 flail.
You feel drained.
You closely miss the wight. The wight hits you with a +0 flail!
You feel drained. The wight closely misses you.
You hit the wight.
The wight is moderately damaged.
You hit the goblin.
You kill the goblin!
The wight hits you with a +0 flail!
You feel drained.
Nshep25's ghost says very slowly, "There's no hope."
You closely miss the wight.
The wight is moderately damaged.
The wight hits you with a +0 flail!
* * * LOW HITPOINT WARNING * * *
You feel drained.
* * * LOW HITPOINT WARNING * * *
Nshep25's ghost says very slowly, "There's no hope."
You barely miss the wight.
The wight is moderately damaged.
The wight misses you. The wight hits you with a +0 flail.
* * * LOW HITPOINT WARNING * * *
You hit the wight but do no damage.
The wight is moderately damaged.
The wight completely misses you.
You barely miss the wight.
The wight is moderately damaged.
The wight barely misses you.
You hit the wight.
The wight is moderately damaged.
The wight hits you but does no damage.
You barely miss the wight.
The wight is moderately damaged.
The wight hits you with a +0 flail.
* * * LOW HITPOINT WARNING * * *
You hit the wight.
The wight is severely damaged.
The wight hits you with a +0 flail.
You die...

..#.#..#.....#..........
..#.#..##.#..#..........
.##.$#©.##.#.............
©....(#.....#.g.......#.[.
..##..#©..............#...
#..#.#....##.............
#..#.#....#..............
?.##.W#..##...............
.....O#..@z...............
..########...).....###....###
#........<.......## #....#
###.............####...##
####.................##..##
#..#..#..............##...#
#.............!...........#
#._..##.................###
#........#........#.#####


You could see an ogre, a wight and nshep25's ghost.

Vanquished Creatures
  A hound (D:4)
  An iguana (D:4)
  An orc wizard (D:3)
  A gnoll (D:1)
  2 adders
  2 worms (D:2)
  2 dart slugs
  4 orcs
  3 ball pythons
  5 endoplasms
  3 giant cockroaches
  6 goblins
  9 hobgoblins
  7 jackals
  4 kobolds
  3 quokkas
  2 bats
  2 frilled lizards
  6 rats
64 creatures vanquished.

Notes
Turn   | Place    | Note
-------+----------+-------------------------------------------
     0 | D:1      | LustLizard the Hill Orc Monk began the quest for the Orb.
     0 | D:1      | Reached XP level 1. HP: 19/19 MP: 1/1
   211 | D:1      | Reached XP level 2. HP: 22/27 MP: 2/2
   957 | D:1      | Reached XP level 3. HP: 14/33 MP: 3/3
  1204 | D:1      | Reached skill level 1 in Throwing
  1362 | D:1      | Got the Atlas of Poison and Charms
  1382 | D:1      | Learned a level 1 spell: Slow
  2749 | D:2      | Reached XP level 4. HP: 40/40 MP: 4/4
  3501 | D:3      | Reached skill level 5 in Axes
  3806 | D:3      | Found an ornate altar of the Wu Jian Council.
  3808 | D:3      | Found a stormy altar of Qazlal.
  3988 | D:3      | Found a glowing golden altar of the Shining One.
  4237 | D:4      | Noticed nshep25's ghost (amateur MiFi)
  4242 | D:4      | Identified the +4 great mace of Evolution {pain, rElec
                  | rCorr Str+2 Dex-2}
  4242 | D:4      | Noticed an ogre
  4251 | D:4      | Reached XP level 5. HP: 42/46 MP: 3/5
  4265 | D:4      | Found a transporter.
  4278 | D:4      | Found an iron altar of Okawaru.
  4297 | D:4      | Noticed a phantom
  4765 | D:4      | Slain by a wight

Illustrated notes

Levels and vault maps discovered:
D:1:      dpeg_arrival_pits, layout_basic
D:2:      minmay_spotlight, layout_basic
D:3:      layout_rooms, mainiacjoe_overflow_surrounded_room,
          nicolae_overflow_hidden_temple, due_unseen_surprise
D:4:      layout_cave_pools, mainiacjoe_overflow_alcove_1,
          gammafunk_ghost_smash, hangedman_minor_gate_pass

Skill      XL: |  1  2  3  4  5 |
---------------+----------------+-----
Throwing       | 1 2 |  2.1
Fighting       | 4 |  4.4
Stealth        | 2 |  2.5
Axes           | 5 |  5.4
Dodging        | 3 |  3.0

Action                   |  1- 3 |  4- 6 || total
-------------------------+-------+-------++-------
Melee: Hand axe          |   119 |       ||   119
       War axe           |     4 |    75 ||    79
       Punch             |     2 |       ||     2
Throw: Stone             |       |     9 ||     9
  Use: Scroll            |     1 |     4 ||     5
 Stab: Sleeping          |     3 |     2 ||     5
Armor: Robe              |    20 |     3 ||    23
       Leather armour    |       |     5 ||     5
       Scale mail        |       |     2 ||     2
Dodge: Dodged            |    57 |    40 ||    97
